 Dungeon Sprint DCSS version 0.29.1-2-gbd0b4ee654 (webtiles) character file.

Game seed: 1941675080423711104

24 boopmooplesden the Chopper (level 2, -1/43 HPs)
             Began as a Minotaur Berserker on Nov 27, 2022.
             Was a Believer of Trog.
             Shot with an arrow by a centaur (16 damage)
             ... in the Dungeon (Sprint VII: "The Pits").
             The game lasted 00:00:22 (530 turns).

boopmooplesden the Chopper (Minotaur Berserker)      Turns: 530, Time: 00:00:22

Health: -1/43      AC:  2    Str: 21    XL:     2   Next: 79%
Magic:  1/1        EV: 12    Int:  4    God:    Trog [**....]
Gold:   0          SH:  0    Dex:  9    Spells: 1/1 levels left

rFire   . . .      SeeInvis .   i - +1 whip (elec)
rCold   . . .      Faith    .   (no shield)
rNeg    . . .      Spirit   .   b - +0 animal skin
rPois   .          Reflect  .   (helmet restricted)
rElec   .          Harm     .   (no cloak)
rCorr   .          Rampage  .   (no gloves)
Will    .....      NoTele   +   (no boots)
Stlth   ..........              (no amulet)
HPRegen 0.14/turn               (no ring)
MPRegen 0.07/turn               (no ring)

@: berserking, very quick
A: horns 2, retaliatory headbutt
a: Renounce Religion, Berserk, Trog's Hand


You were in the Dungeon.
You worshipped Trog.
Trog was pleased with you.
You visited 1 branch

Inventory:

Hand Weapons
 a - a +0 hand axe
 i - a +1 whip of electrocution (weapon)
Armour
 b - a +0 animal skin (worn)
Scrolls
 h - a scroll of blinking
Potions
 c - a potion of curing
 d - a potion of heal wounds
 e - a potion of haste
 f - 2 potions of magic
 g - a potion of berserk rage


   Skills:
 + Level 5.3 Fighting
 + Level 5.9 Axes
 + Level 3.1 Armour
 + Level 3.0 Dodging


You had one spell level left.
You didn't know any spells.
Your spell library was empty.

Dungeon Overview and Level Annotations

Branches:
Dungeon (1/1)

Altars:


Innate Abilities, Weirdness & Mutations

You have a pair of horns on your head.
You reflexively headbutt those who attack you in melee.


Message History

You headbutt the frilled lizard.
You kill the frilled lizard!
Trog accepts your kill.
Your Dodging skill increases to level 3!
The bat zombie hits you but does no damage.
The bat zombie closely misses you. You furiously retaliate!
You headbutt the bat zombie!
You destroy the bat zombie!
Trog accepts your kill.
There is an open door, spattered with blood here.
Things that are here:
a +1 whip of electrocution; a frilled lizard corpse; a gnoll corpse
There is an open door, spattered with blood here.
Things that are here:
a +1 whip of electrocution; a frilled lizard corpse; a gnoll corpse
i - a +1 whip of electrocution You hear the crackle of electricity.
i - a +1 whip of electrocution (weapon)
You see here a hobgoblin skeleton.
You start resting.
You start resting.
You start resting.
HP restored.
There is an open door, spattered with blood here.
Things that are here:
a frilled lizard skeleton; a gnoll skeleton You open the door.
A river rat and a quokka come into view.
There is an open door here.
A centaur and a hobgoblin come into view.
The centaur shouts!
The hobgoblin shouts!
The centaur wields a +0 shortbow.
The centaur shoots an arrow.
The arrow hits you! The quokka bites you. The quokka attacks as you move away!
The quokka completely misses you.
There is an open door here.
You closely miss the quokka. The quokka bites you.
A red film seems to cover your vision as you go berserk!
You feel yourself moving faster!
You feel mighty! The quokka bites you.
The centaur shoots an arrow.
The arrow hits you!
You die...

##########.##........
#...........'........
+#####'#####......#.
#..#..# #........
#..รท..# ####'####
#..#### #.......#
#..#..# #.......#
#..#gc# #.......#
##@#..#+###...<...#
#..rr....##.......#
#..c.....##.......#
###########.......#
#########


You could see a centaur, a river rat and a quokka.

Vanquished Creatures
  A gnoll (D)
  A river rat (D)
  A bat zombie (D)
  2 hobgoblins (D)
  A frilled lizard (D)
6 creatures vanquished.

Notes
Turn   | Place    | Note
-------+----------+-------------------------------------------
     0 | D        | boopmooplesden the Minotaur Berserker began the quest for
                  | the Orb.
     0 | D        | Reached XP level 1. HP: 19/19 MP: 0/0
    21 | D        | Reached ** piety under Trog
    22 | D        | Reached skill level 5 in Axes
    22 | D        | Reached XP level 2. HP: 12/28 MP: 1/1
   298 | D        | Reached skill level 5 in Fighting
   527 | D        | Noticed a centaur
   530 | D        | Shot with an arrow by a centaur

Illustrated notes

Levels and vault maps discovered:
D:        pitsprint [storerooms_1, entrance_room_1, metal_vault_2, armoury_1,
          mini_pit_1, grid_room_1, main_hall_1, silver_pit, the_coven_1,
          the_vestibule_1, steel_vault_3, golden_pit, hallway_of_sentries,
          crystal_vault_4, iron_vault_5, final_vault]

Skill      XL: |  1  2 |
---------------+-------+-----
Fighting       | 4 5 |  5.3
Axes           | 5 |  5.9
Armour         | 3 |  3.1
Dodging        | 3 |  3.0

Action                   || total
-------------------------++-------
Melee: Hand axe          ||    13
       Headbutt          ||     3
       Whip              ||     1
Invok: Berserk           ||     1
Armor: Animal skin       ||     2
Dodge: Dodged            ||    12
